 Dungeon Crawl Stone Soup version 0.14-a0-1739-g6c2808e (webtiles) character file.

720 M4edhros the Sneak (level 6, -8/24 HPs)
             Began as a Felid Air Elementalist on Jan 3, 2014.
             Killed by an exploding giant spore (32 damage)
             ... set off by themself
             ... on Level 6 of the Dungeon.
             The game lasted 00:09:21 (4861 turns).

M4edhros the Sneak (Felid Air Elementalist)         Turns: 4861, Time: 00:09:22

HP  -8/24        AC  2     Str  4      XL: 6   Next: 81%
MP  16/18        EV 21     Int 22      God:
Gold 253         SH  0     Dex 17      Spells:  5 memorised,  2 levels left
Lives: 0, deaths: 2

rFire  . . .     SeeInvis +     (weapon unavailable)
rCold  . . .     Clarity  .     (armour unavailable)
rNeg   . . .     Conserve .     (shield unavailable)
rPois  .         rCorr    .     (helmet unavailable)
rElec  .         rRot     .     (cloak unavailable)
SustAb . .       Spirit   .     (gloves unavailable)
rMut   .         Warding  .     (boots unavailable)
Saprov . . .     Stasis   .     p - amulet of rage
                                (no ring)
                                k - +4 ring of intelligence

@: confused, quick, somewhat resistant to hostile enchantments, fairly stealthy
A: paw claws, no armour, no advanced items, fangs 3, see invisible, carnivore 3,
speed 1, shaggy fur 2, slow metabolism 1, jump 2
a: Jump Attack, Evoke Berserk Rage


You were on level 6 of the Dungeon.
You were not hungry.

You visited 1 branch of the dungeon, and saw 6 of its levels.

You collected 253 gold pieces.

Inventory:

Missiles
 e - 15 arrows
Comestibles
 c - 4 meat rations
 d - a sausage
Scrolls
 a - 4 scrolls of magic mapping
 h - 5 scrolls of identify
 i - a scroll of remove curse {unknown}
 j - 2 scrolls of curse jewellery
 l - a scroll of fog
 o - 3 scrolls of teleportation
Jewellery
 k - a +4 ring of intelligence (left paw)
 n - an uncursed ring of ice
 p - an amulet of rage (around neck)
Potions
 f - 2 potions of resistance
 m - 2 potions of curing
Books
 b - a book of Air

   Spells                             Type                      Level
   *Shock                             Conjuration/Air              1
   *Swiftness                         Charms/Air                   2
   *Repel Missiles                    Charms/Air                   2
   *Flight                            Charms/Air                   3
   *Static Discharge                  Conjuration/Air              3
   Lightning Bolt                     Conjuration/Air              5
 g - a book of Enchantments

   Spells                             Type                      Level
   Cause Fear                         Hexes                        4
   Silence                            Hexes/Air                    5
   Tukima's Dance                     Hexes                        5
   Deflect Missiles                   Charms/Air                   6
   Haste                              Charms                       6
   Discord                            Hexes                        8
 r - a book of Wizardry

   Spells                             Type                      Level
   Summon Elemental                   Summoning                    4
   Agony                              Necromancy                   5
   Force Lance                        Conjuration                  5
   Fireball                           Conjuration/Fire             5
   Haste                              Charms                       6
   Invisibility                       Hexes                        6


   Skills:
 + Level 5.4 Dodging
 + Level 6.1 Stealth
 + Level 4.0 Spellcasting
 + Level 3.8 Conjurations
 + Level 4.4 Air Magic


You had 2 spell levels left.
You knew the following spells:

 Your Spells              Type           Power        Failure   Level  Hunger
a - Shock                 Conj/Air       ###.         1%          1    None
b - Repel Missiles        Chrm/Air       ##........   10%         2    #......
c - Swiftness             Chrm/Air       ##......     10%         2    #......
d - Static Discharge      Conj/Air       ###.....     8%          3    ###....
e - Flight                Chrm/Air       ##........   14%         3    ###....


Dungeon Overview and Level Annotations

Branches:
Dungeon (6/16)
 Temple: D:4-7

Altars:
Makhleb
Nemelex Xobeh
Vehumet
Yredelemnul

Shops:
D:4 ?   D:6 [


Innate Abilities, Weirdness & Mutations

You cannot wear armour.
You are incapable of any advanced item manipulation.
Your paws have sharp claws.
You have razor-sharp teeth.
You have supernaturally acute eyesight.
You are carnivorous and can eat meat at any time.
You cover ground quickly.
You are covered in thick fur (AC +2).
You have a slow metabolism.
You can jump attack at a medium distance.


Message History

A giant spore is nearby!
A giant spore is nearby!
Casting: Shock
Confirm with . or Enter, or press ? or * to list all spells.
Aiming: Shock
Press: ? - help, Shift-Dir - straight line, f - giant spore
Aim: a giant spore (hasn't noticed you)
The zap misses the giant spore.
A giant spore is nearby!
Casting: Shock
Confirm with . or Enter, or press ? or * to list all spells.
Aiming: Shock
Press: ? - help, Shift-Dir - straight line, f/p - giant spore
Aim: a giant spore The zap hits the giant spore.
The giant spore explodes!
The explosion of spores engulfs you!
You are confused.
Ouch! That really hurt!
You die...

#.# #.# #.# #.# #.# #.###
#.# #.... #.# ##### #.#
#########.##########
..................(.#####
#####@####.##.........
#.#.......f...#####
##.########...# ### #.#
#%..# #.. #.# #...###.#
#[# #....##.# #.#
#..#.##.# #.# #..#f##.#
#.##### #..#.#...


There were no monsters in sight!

Vanquished Creatures
  4 ogres
  A centaur (D:6)
  Sigmund (D:3)
  A giant frog (D:6)
  2 crimson imps (D:6)
  An orc wizard (D:6)
  A hound (D:6)
  A worker ant (D:4)
  A scorpion (D:6)
  A hound skeleton (D:6)
  Terence (D:3)
  4 adders
  A giant eyeball (D:6)
  3 giant geckos
  An ooze (D:2)
  7 orcs
  A ball python (D:2)
  15 bats
  A bat zombie (D:6)
  2 giant cockroaches
  14 goblins
  14 hobgoblins
  18 jackals
  7 kobolds
  A giant gecko skeleton (D:3)
  3 giant newts
  A giant spore (D:6)
  A kobold skeleton (D:4)
  A quokka (D:2)
  A quokka skeleton (D:4)
  6 rats
  A rat skeleton (D:6)
118 creatures vanquished.

Vanquished Creatures (others)
  A worker ant (D:6)
1 creature vanquished.

Grand Total: 119 creatures vanquished

Notes
Turn   | Place    | Note
--------------------------------------------------------------
     0 | D:1      | M4edhros, the Felid Air Elementalist, began the quest for the Orb.
     0 | D:1      | Reached XP level 1. HP: 7/7 MP: 4/4
    16 | D:1      | Reached skill level 1 in Conjurations
   404 | D:1      | Reached skill level 3 in Dodging
   404 | D:1      | Reached XP level 2. HP: 4/11 MP: 0/5
  1042 | D:1      | Reached XP level 3. HP: 14/14 MP: 1/8
  1747 | D:2      | Reached XP level 4. HP: 3/18 MP: 0/11
  1772 | D:2      | Succumbed to an adder's poison
  1773 | D:2      | Reached XP level 3. HP: 0/14 MP: 2/8
  1872 | D:2      | Found a burning altar of Makhleb.
  2089 | D:2      | Found a sparkling altar of Nemelex Xobeh.
  2352 | D:3      | Noticed Terence
  2379 | D:3      | Killed Terence
  2570 | D:3      | Found a basalt altar of Yredelemnul.
  2692 | D:3      | Reached XP level 4. HP: 18/18 MP: 5/11
  2995 | D:3      | Noticed Sigmund
  3010 | D:3      | Killed Sigmund
  3010 | D:3      | Reached skill level 4 in Stealth
  3010 | D:3      | Reached XP level 5. HP: 10/21 MP: 3/13
  3770 | D:4      | Noticed an ogre
  3786 | D:4      | Killed an ogre
  3911 | D:4      | Found Klaishritt's Magic Scroll Emporium.
  3988 | D:4      | Gained mutation: You are covered in thick fur (AC +2). [growing up]
  3988 | D:4      | Gained mutation: You can jump attack at a medium distance. [growing up]
  3988 | D:4      | Reached XP level 6. HP: 18/24 MP: 10/17
  4055 | D:5      | Entered Level 5 of the Dungeon
  4056 | D:5      | Found a radiant altar of Vehumet.
  4077 | D:5      | Reached skill level 5 in Stealth
  4256 | D:6      | Reached XP level 7. HP: 24/27 MP: 15/19
  4385 | D:6      | Reached skill level 5 in Dodging
  4393 | D:6      | Learned a level 2 spell: Repel Missiles
  4396 | D:6      | Learned a level 2 spell: Swiftness
  4400 | D:6      | Learned a level 3 spell: Static Discharge
  4404 | D:6      | Learned a level 3 spell: Flight
  4556 | D:6      | Paralysed by a giant eyeball for 4 turns
  4596 | D:6      | Killed from afar by an orc priest
  4597 | D:6      | Reached XP level 6. HP: -2/24 MP: 0/18
  4742 | D:6      | Reached skill level 6 in Stealth
  4830 | D:6      | Found Wiusuir's Armour Shoppe.
  4861 | D:6      | Killed by an exploding giant spore... set off by themself

Action                   |  1- 3 |  4- 6 |  7- 9 || total
-------------------------+-------+-------+-------++-------
Melee: Unarmed           |    52 |    36 |     5 ||    93
 Cast: Shock             |   123 |    97 |    61 ||   281
 Abil: Jump Attack       |       |     1 |       ||     1
  Use: Potion            |     3 |     6 |     4 ||    13
       Scroll            |       |     6 |     1 ||     7
